 Dungeon Crawl Stone Soup version 0.31-a0-232-gb1c03b2570 (webtiles) character file.

Game seed: 17724315271346665909

53 qw the Shooter (level 3, 0/29 HPs)
             Began as a Minotaur Hexslinger on July 7, 2023.
             Succumbed to an adder's poison
             ... on level 2 of the Dungeon.
             The game lasted 00:00:26 (1202 turns).

qw the Shooter (Minotaur Hexslinger)                Turns: 1202, Time: 00:00:27

Health: 0/29       AC:  4    Str: 12    XL:     3   Next: 64%
Magic:  3/3        EV: 12    Int: 10    God:
Gold:   111        SH:  0    Dex: 14    Spells: 3/4 levels left

rFire   . . .        Y - +2 sling
rCold   . . .        (no shield)
rNeg    . . .        h - +0 leather armour
rPois   .            (helmet restricted)
rElec   .            (no cloak)
rCorr   .            (no gloves)
SInv    .            f - +0 pair of boots
Will    .....        (no amulet)
Stlth   +            (no ring)
HPRegen 0.24/turn    (no ring)
MPRegen 0.08/turn

%: no passive effects
@: lethally poisoned (0 -> -5)
A: horns 2, retaliatory headbutt
a: no special abilities


You were on level 2 of the Dungeon.
You visited 1 branch of the dungeon, and saw 2 of its levels.

You collected 111 gold pieces.


Innate Abilities, Weirdness & Mutations

You have a pair of horns on your head.
You reflexively headbutt those who attack you in melee.


   Skills:
 - Level 2.0 Fighting
 + Level 4.2 Ranged Weapons
 - Level 2.1 Dodging
 - Level 1.0 Spellcasting
 - Level 2.0 Hexes


You had 3 spell levels left.
You knew the following spells:

 Your Spells              Type           Power      Damage    Failure   Level
a - Slow                  Hex            16%        N/A       19%         1

Your spell library contained the following spells:

 Spells                   Type           Power      Damage    Failure   Level
 Inner Flame              Hex/Fire       2%         N/A       65%         3
 Portal Projectile        Hex/Tloc       4%         N/A       65%         3
 Cause Fear               Hex            2%         N/A       88%         4

Inventory:

Hand Weapons
 Y - a +2 sling (weapon)
Armour
 f - a +0 pair of boots (worn)
 h - a +0 leather armour (worn)
Scrolls
 a - a scroll of vulnerability {unknown}
 b - a scroll of identify {unknown}
 c - a scroll of fear {unknown}
Potions
 e - a potion of lignification {unknown}
 j - a potion of enlightenment {unknown}
 k - a potion of curing {unknown}

Dungeon Overview and Level Annotations

Branches:
Dungeon (2/15)

Altars:


Message History

The sling bullet barely misses the adder.
You feel sick. The adder closely misses you.
The adder bites you but does no damage.
You shoot a sling bullet.
The sling bullet barely misses the adder.
You feel sick. The adder closely misses you.
You shoot a sling bullet. The sling bullet misses the adder.
You feel sick. The adder bites you.
You are more poisoned.
The adder poisons you! The adder bites you.
You shoot a sling bullet.
The sling bullet barely misses the adder.
You feel sick. The adder bites you. x2
You shoot a sling bullet. The sling bullet hits the adder.
The adder is severely wounded.
You feel sick. The adder closely misses you.
You shoot a sling bullet. The sling bullet misses the adder.
You feel sick. The adder bites you but does no damage.
The adder barely misses you.
You shoot a sling bullet.
The sling bullet closely misses the adder.
You feel sick. The adder bites you.
You shoot a sling bullet.
The sling bullet closely misses the adder.
You feel sick.
You are no longer poisoned.
The adder bites you.
You are poisoned.
The adder poisons you! The adder bites you.
You are lethally poisoned!
The adder poisons you!
You shoot a sling bullet. The sling bullet hits the adder.
You kill the adder!
You feel very sick.
There is a lethal amount of poison in your body!
You feel sick.
There is a lethal amount of poison in your body!
You feel sick.
There is a lethal amount of poison in your body!
You die...

#.##### ##.....#
#<####.# ## #.# #.#
.# #.# #.# .###.# #.#
.....# #.########
.###.# #.#......# .#
#.# #.#.####@#
.########.#.###.....#
................##.##
.#######....###.# .#
.....# #......#. #
..##.# #...<..#.
..##.###.#.####.
..##........ #.
..##.......###


There were no monsters in sight!

Vanquished Creatures
  2 adders (D:2)
  5 bats
  2 endoplasms (D:1)
  2 giant cockroaches
  5 goblins
  4 hobgoblins
  2 kobolds (D:1)
  2 quokkas
  2 ball pythons (D:1)
  2 frilled lizards
  5 rats
33 creatures vanquished.

Notes
Turn   | Place    | Note
-------+----------+-------------------------------------------
     0 | D:1      | qw the Minotaur Hexslinger began the quest for the Orb.
     0 | D:1      | Reached XP level 1. HP: 16/16 MP: 1/1
     0 | D:1      | 0 ||| qw: Version: 0.3-a-46-gb1f654a
     0 | D:1      | 0 ||| qw: Game counter: 2917
     0 | D:1      | 0 ||| qw: Melee chars always use a shield: true
     0 | D:1      | 0 ||| qw: God list: Okawaru
     0 | D:1      | 0 ||| qw: Allow faded altars: false
     0 | D:1      | 0 ||| qw: Do Orc after clearing Dungeon:15 true
     0 | D:1      | 0 ||| qw: Do second Lair branch before Depths: true
     0 | D:1      | 0 ||| qw: Lair rune preference: random
     0 | D:1      | 0 ||| qw: Goals: Normal
     0 | D:1      | 0 ||| PLANNING D:1-11
   254 | D:1      | 254 ||| FLEEEEING.
   256 | D:1      | 256 ||| FLEEEEING.
   257 | D:1      | 257 ||| FLEEEEING.
   258 | D:1      | 258 ||| FLEEEEING.
   259 | D:1      | 259 ||| FLEEEEING.
   297 | D:1      | Reached skill level 3 in Ranged Weapons
   297 | D:1      | Reached XP level 2. HP: 23/23 MP: 2/2
   381 | D:1      | Found a faded altar of an unknown god.
   618 | D:1      | 618 ||| UPGRADING to +0 pair of boots.
   623 | D:1      | 623 ||| UPGRADING to +0 leather armour.
   633 | D:1      | 633 ||| DROPPING +0 robe.
   634 | D:1      | 634 ||| READING scroll labelled FEZAIF WAPUPP.
   635 | D:1      | 635 ||| READING scroll labelled POSTUI UJUK.
   636 | D:1      | 636 ||| READING scroll labelled WELECW ZEFFA.
   637 | D:1      | 637 ||| READING scroll labelled HOXKUNGITWU.
   638 | D:1      | 638 ||| DROPPING scroll of poison.
   776 | D:2      | Reached XP level 3. HP: 29/29 MP: 3/3
   960 | D:2      | Reached skill level 4 in Ranged Weapons
  1199 | D:2      | HP: 4/29 [poisoned by an adder]
  1201 | D:2      | HP: 1/29 [poisoned by an adder]
  1202 | D:2      | Succumbed to an adder's poison

Levels and vault maps discovered:
D:1:      grunt_arrival_crossed_arrows, layout_loops_ring,
          basic_ecumenical_altar, grunt_decor_mini_mirrors
D:2:      minmay_chambers_of_twos, layout_basic

Skill      XL: |  1  2  3 |
---------------+----------+-----
Ranged Weapons | 3 4 |  4.2
Fighting       | 2 |  2.0
Dodging        | |  2.1
Spellcasting   | |  1.0
Hexes          | |  2.0

Action                     || total
---------------------------++-------
   Fire: Sling             ||    92
    Use: Scroll            ||     4
 Armour: Robe              ||     1
         Leather armour    ||    13
  Dodge: Dodged            ||    23

Table legend:
 A = Non-vault XP
 B = Vault XP
 C = Vault XP percentage of total XP
 D = Non-vault monster count
 E = Vault monster count
 F = Vault count percentage of total count
                 A         B        C        D         E       F
            +---------+---------+-------+---------+---------+-------
      Total |      77 |       0 |   0.0 |      33 |       0 |   0.0
            +---------+---------+-------+---------+---------+-------
        D:1 |      24 |       0 |   0.0 |      15 |       0 |   0.0
        D:2 |      53 |       0 |   0.0 |      18 |       0 |   0.0
            +---------+---------+-------+---------+---------+-------
